Hurricanes vs Thrashers

Created - March 26 2007 at 20:04

Goals
1 2 3 T
Hurricanes 3 1 0 4
Thrashers 0 1 1 2
Shots
1 2 3 T
Hurricanes 21 7 10 38
Thrashers 7 11 7 25

Period #1

1. Hurricanes , Fredrik Sjostrom 3 (Kevyn Adams, Brent Sopel) at 13:01
2. Hurricanes , Frantisek Kaberle 6 (Ray Whitney, Eric Belanger) at 13:53
3. Hurricanes , Cory Stillman 23 (Eric Staal) at 14:07

Penalities :
Mike Van Ryn (ATL) for Diving (Minor) at 8:12, Mike Van Ryn (ATL) for Slashing (Minor) at 16:06, Ilya Kovalchuk (ATL) for Checking from behind (Major) at 18:08

Period #2

4. Hurricanes , Erik Cole 21 (Eric Staal, Cory Stillman) at 11:01 (PP)
5. Thrashers , Marian Hossa 26 (Robert Lang, Greg de Vries) at 18:37 (PP)

Penalities :
Ladislav Nagy (ATL) for Boarding (Minor) at 7:22, Brendan Morrison (ATL) for High sticking (Minor) at 10:02, Mike Van Ryn (ATL) for Holding (Minor) at 11:13, Kurtis Foster (CAR) for Kneeing (Major) at 14:05

Period #3

6. Thrashers , Greg de Vries 10 (Brendan Morrison, Ilya Kovalchuk) at 0:59

Penalities :
Brett Clark (ATL) for Slashing (Minor) at 5:23, Brent Sopel (CAR) for Holding (Minor) at 7:39

Goalie Stats

Evgeni Nabokov (CAR), 23 saves from 25 shots - (0.920), W, 24-12-3, 60:00 minutes
Kari Lehtonen (ATL), 34 saves from 38 shots - (0.895), L, 30-15-7, 60:00 minutes

Players Stats

Hurricanes
Player Name              G  A  P  +/- PIM S  H  SB FO MP 
-----------------------------------------------------------
Brad Isbister            0  0  0   1  0   0  0  0  1  11 
Brent Sopel              0  1  1   2  2   0  1  1  0  19 
Bret Hedican             0  0  0   0  0   0  1  0  0  15 
Cory Stillman            1  1  2   1  0   1  0  0  3  20 
David Tanabe             0  0  0   0  0   0  0  2  0  22 
Eric Belanger            0  1  1   1  0   1  0  0  12 13 
Eric Staal               0  2  2   1  0   8  0  0  22 22 
Erik Cole                1  0  1   1  0   6  0  0  3  19 
Frantisek Kaberle        1  0  1   2  0   1  0  2  0  22 
Fredrik Sjostrom         1  0  1   1  0   3  1  0  0  11 
Glen Wesley              0  0  0  -1  0   0  0  2  0  21 
Jeff Halpern             0  0  0  -1  0   2  2  0  28 18 
Justin Williams          0  0  0  -1  0   3  0  0  2  15 
Kevyn Adams              0  1  1   1  0   1  0  0  13 12 
Kurtis Foster            0  0  0   1  5   3  0  1  0  21 
Martin Havlat            0  0  0  -1  0   5  0  0  1  18 
Ray Whitney              0  1  1   1  0   2  1  1  0  11 
Scott Walker             0  0  0   1  0   2  0  0  1  19 
Thrashers
Player Name              G  A  P  +/- PIM S  H  SB FO MP 
-----------------------------------------------------------
Ales Kotalik             0  0  0  -2  0   2  0  0  1  15 
Alexander Frolov         0  0  0  -2  0   2  0  0  1  15 
Andy Sutton              0  0  0   0  0   1  0  0  0  11 
Anson Carter             0  0  0   1  0   0  1  0  2  18 
Bobby Holik              0  0  0   0  0   1  1  1  15 14 
Brendan Morrison         0  1  1   1  2   4  0  0  17 13 
Brett Clark              0  0  0  -1  2   0  0  2  0  20 
Brian Leetch             0  0  0   1  0   1  0  2  0  17 
Greg de Vries            1  1  2   1  0   1  0  1  0  21 
Ilya Kovalchuk           0  1  1   1  5   5  0  0  1  19 
Jozef Stumpel            0  0  0  -2  0   2  0  0  23 19 
Ladislav Nagy            0  0  0  -1  2   0  1  0  0  15 
Marian Hossa             1  0  1  -1  0   2  1  0  1  18 
Mike Van Ryn             0  0  0  -2  6   0  3  3  0  14 
Niclas Havelid           0  0  0  -2  0   0  1  3  0  23 
Philippe Boucher         0  0  0  -1  0   0  3  0  0  22 
Robert Lang              0  1  1  -1  0   4  0  0  23 17 
Scott Mellanby           0  0  0   0  0   0  0  1  2  14 

3 Stars

1 - Greg de Vries (ATL)
2 - Cory Stillman (CAR)
3 - Frantisek Kaberle (CAR)

Power Play

Hurricanes - 1 on 7 Attempt(s) - 14.29%
Thrashers - 1 on 2 Attempt(s) - 50.00%

Penalty Kill

Hurricanes - 1 on 2 Attempt(s) - 50.00% - Score 0 goal in Penalty Kill
Thrashers - 6 on 7 Attempt(s) - 85.71% - Score 0 goal in Penalty Kill

Game Notes

No Game Note

Finance

Level 1 -- Attendance: 5854 (97.56%) -- Ticket Income $439,050.00
Level 2 -- Attendance: 4853 (97.06%) -- Ticket Income $242,650.00
Level 3 -- Attendance: 2349 (92.30%) -- Ticket Income $70,470.00
Level 4 -- Attendance: 3570 (89.24%) -- Ticket Income $71,400.00
Luxury Box -- Attendance: 930 (92.98%) -- Ticket Income $139,500.00
Game was played at the Philips Arena
Total Attendance: 17556 (94.67%)
Total Ticket Income: $1,009,032.00
Other Income: $172,676.40
Total Income: $1,181,708.00


Play by Play

Period #1

0:01 of 1st period - Robert Lang wins face-off versus Eric Staal in neutral zone.
0:42 of 1st period - Shot by Erik Cole.
0:42 of 1st period - Shot Hit the Post.
0:43 of 1st period - Shot by Brent Sopel.
0:43 of 1st period - Shot Blocked by Brett Clark.
1:12 of 1st period - Shot by Martin Havlat.
1:12 of 1st period - Stopped by Kari Lehtonen without a rebound.
1:13 of 1st period - Brendan Morrison wins face-off versus Eric Belanger in Thrashers zone.
1:28 of 1st period - Shot by Scott Walker.
1:28 of 1st period - Shot Misses the Net.
1:35 of 1st period - Shot by Ray Whitney.
1:35 of 1st period - Stopped by Kari Lehtonen with a rebound.
1:36 of 1st period - Shot by Kurtis Foster.
1:36 of 1st period - Shot Blocked by Brian Leetch.
1:43 of 1st period - Shot by Eric Belanger.
1:43 of 1st period - Shot Misses the Net.
1:46 of 1st period - Shot by Scott Walker.
1:46 of 1st period - Stopped by Kari Lehtonen with a rebound.
1:47 of 1st period - Shot by Kurtis Foster.
1:47 of 1st period - Stopped by Kari Lehtonen without a rebound.
1:48 of 1st period - Jozef Stumpel wins face-off versus Jeff Halpern in Thrashers zone.
1:50 of 1st period - Icing by Ales Kotalik.
1:51 of 1st period - Jozef Stumpel wins face-off versus Jeff Halpern in Thrashers zone.
2:10 of 1st period - Shot by Ales Kotalik.
2:10 of 1st period - Shot Blocked by David Tanabe.
2:19 of 1st period - Shot by Justin Williams.
2:19 of 1st period - Shot Blocked by Niclas Havelid.
2:24 of 1st period - Shot by Martin Havlat.
2:24 of 1st period - Stopped by Kari Lehtonen with a rebound.
2:25 of 1st period - Shot by Glen Wesley.
2:25 of 1st period - Shot Misses the Net.
2:28 of 1st period - Shot by Justin Williams.
2:28 of 1st period - Shot Blocked by Mike Van Ryn.
2:31 of 1st period - Shot by Martin Havlat.
2:31 of 1st period - Stopped by Kari Lehtonen without a rebound.
2:32 of 1st period - Scott Mellanby wins face-off versus Eric Staal in Thrashers zone.
2:39 of 1st period - Shot by Bobby Holik.
2:39 of 1st period - Stopped by Evgeni Nabokov without a rebound.
2:40 of 1st period - Eric Belanger wins face-off versus Anson Carter in Hurricanes zone.
3:03 of 1st period - Shot by Scott Walker.
3:03 of 1st period - Stopped by Kari Lehtonen with a rebound.
3:04 of 1st period - Shot by Frantisek Kaberle.
3:04 of 1st period - Shot Misses the Net.
3:07 of 1st period - Shot by Scott Walker.
3:07 of 1st period - Shot Misses the Net.
3:10 of 1st period - Shot by Ray Whitney.
3:10 of 1st period - Stopped by Kari Lehtonen without a rebound.
3:11 of 1st period - Cory Stillman wins face-off versus Robert Lang in Thrashers zone.
4:22 of 1st period - Shot by Jozef Stumpel.
4:22 of 1st period - Stopped by Evgeni Nabokov without a rebound.
4:23 of 1st period - Brendan Morrison wins face-off versus Eric Belanger in Hurricanes zone.
5:02 of 1st period - Shot by Brendan Morrison.
5:02 of 1st period - Stopped by Evgeni Nabokov without a rebound.
5:03 of 1st period - Jozef Stumpel wins face-off versus Jeff Halpern in Hurricanes zone.
5:30 of 1st period - Shot by Justin Williams.
5:30 of 1st period - Stopped by Kari Lehtonen without a rebound.
5:31 of 1st period - Kevyn Adams wins face-off versus Robert Lang in Thrashers zone.
5:34 of 1st period - Shot by Fredrik Sjostrom.
5:34 of 1st period - Shot Misses the Net.
5:37 of 1st period - Shot by Kevyn Adams.
5:37 of 1st period - Stopped by Kari Lehtonen without a rebound.
5:38 of 1st period - Kevyn Adams wins face-off versus Marian Hossa in Thrashers zone.
6:15 of 1st period - Shot by Marian Hossa.
6:15 of 1st period - Shot Misses the Net.
6:37 of 1st period - Icing by Greg de Vries.
6:38 of 1st period - Brendan Morrison wins face-off versus Eric Belanger in Thrashers zone.
6:38 of 1st period - Ilya Kovalchuk is hit by Ray Whitney and loses puck.
7:00 of 1st period - Shot by Ray Whitney.
7:00 of 1st period - Shot Blocked by Brian Leetch.
7:39 of 1st period - Shot by Alexander Frolov.
7:39 of 1st period - Stopped by Evgeni Nabokov without a rebound.
7:40 of 1st period - Jeff Halpern wins face-off versus Jozef Stumpel in Hurricanes zone.
7:42 of 1st period - Martin Havlat is hit by Mike Van Ryn and loses puck.
7:53 of 1st period - Icing by David Tanabe.
7:54 of 1st period - Robert Lang wins face-off versus Jeff Halpern in Hurricanes zone.
8:04 of 1st period - Icing by Jeff Halpern.
8:05 of 1st period - Jeff Halpern wins face-off versus Jozef Stumpel in Hurricanes zone.
8:07 of 1st period - Icing by Justin Williams.
8:08 of 1st period - Jeff Halpern wins face-off versus Jozef Stumpel in Hurricanes zone.
8:12 of 1st period - Minor Penalty to Mike Van Ryn for Diving.
8:13 of 1st period - Eric Staal wins face-off versus Bobby Holik in Thrashers zone.
8:52 of 1st period - Shot by Erik Cole.
8:52 of 1st period - Shot Blocked by Scott Mellanby.
10:51 of 1st period - Shot by Marian Hossa.
10:51 of 1st period - Shot Misses the Net.
10:52 of 1st period - Shot by Andy Sutton.
10:52 of 1st period - Stopped by Evgeni Nabokov without a rebound.
10:53 of 1st period - Jeff Halpern wins face-off versus Brendan Morrison in Hurricanes zone.
11:26 of 1st period - Shot by Anson Carter.
11:26 of 1st period - Shot Misses the Net.
12:03 of 1st period - Shot by Eric Belanger.
12:03 of 1st period - Stopped by Kari Lehtonen without a rebound.
12:04 of 1st period - Kevyn Adams wins face-off versus Robert Lang in Thrashers zone.
12:10 of 1st period - Icing by Philippe Boucher.
12:11 of 1st period - Eric Staal wins face-off versus Robert Lang in Thrashers zone.
12:21 of 1st period - Erik Cole is hit by Philippe Boucher and loses puck.
12:23 of 1st period - Shot by Eric Staal.
12:23 of 1st period - Shot Blocked by Brett Clark.
12:26 of 1st period - Shot by Erik Cole.
12:26 of 1st period - Stopped by Kari Lehtonen without a rebound.
12:27 of 1st period - Jozef Stumpel wins face-off versus Kevyn Adams in Thrashers zone.
12:47 of 1st period - Fredrik Sjostrom is hit by Niclas Havelid and loses puck.
13:01 of 1st period - Shot by Fredrik Sjostrom.
13:01 of 1st period - Goal by Fredrik Sjostrom - Hurricanes : 1 - Thrashers : 0.
13:02 of 1st period - Robert Lang wins face-off versus Eric Belanger in neutral zone.
13:19 of 1st period - Shot by Robert Lang.
13:19 of 1st period - Stopped by Evgeni Nabokov without a rebound.
13:20 of 1st period - Jeff Halpern wins face-off versus Bobby Holik in Hurricanes zone.
13:24 of 1st period - David Tanabe is hit by Bobby Holik and loses puck.
13:44 of 1st period - Shot by Martin Havlat.
13:44 of 1st period - Stopped by Kari Lehtonen without a rebound.
13:45 of 1st period - Eric Belanger wins face-off versus Robert Lang in Thrashers zone.
13:52 of 1st period - Shot by Ray Whitney.
13:52 of 1st period - Shot Misses the Net.
13:53 of 1st period - Shot by Frantisek Kaberle.
13:53 of 1st period - Goal by Frantisek Kaberle - Hurricanes : 2 - Thrashers : 0.
13:54 of 1st period - Eric Staal wins face-off versus Alexander Frolov in neutral zone.
14:07 of 1st period - Shot by Eric Staal.
14:07 of 1st period - Goal by Cory Stillman - Hurricanes : 3 - Thrashers : 0.
14:08 of 1st period - Eric Belanger wins face-off versus Robert Lang in neutral zone.
14:12 of 1st period - Ray Whitney is hit by Marian Hossa and loses puck.
14:30 of 1st period - Shot by Ladislav Nagy.
14:30 of 1st period - Shot Misses the Net.
14:39 of 1st period - Shot by Ladislav Nagy.
14:39 of 1st period - Shot Blocked by Kurtis Foster.
15:18 of 1st period - Shot by Anson Carter.
15:18 of 1st period - Shot Misses the Net.
15:21 of 1st period - Shot by Ilya Kovalchuk.
15:21 of 1st period - Stopped by Evgeni Nabokov without a rebound.
15:22 of 1st period - Jeff Halpern wins face-off versus Jozef Stumpel in Hurricanes zone.
15:22 of 1st period - Justin Williams is hit by Mike Van Ryn and loses puck.
15:41 of 1st period - Justin Williams is hit by Mike Van Ryn and loses puck.
16:06 of 1st period - Minor Penalty to Mike Van Ryn for Slashing.
16:07 of 1st period - Bobby Holik wins face-off versus Eric Staal in neutral zone.
16:44 of 1st period - Shot by Eric Staal.
16:44 of 1st period - Stopped by Kari Lehtonen without a rebound.
16:45 of 1st period - Jozef Stumpel wins face-off versus Jeff Halpern in Thrashers zone.
16:51 of 1st period - Icing by Glen Wesley.
16:52 of 1st period - Jozef Stumpel wins face-off versus Jeff Halpern in Hurricanes zone.
17:31 of 1st period - Shot by Eric Staal.
17:31 of 1st period - Stopped by Kari Lehtonen with a rebound.
17:32 of 1st period - Shot by Erik Cole.
17:32 of 1st period - Stopped by Kari Lehtonen with a rebound.
17:35 of 1st period - Shot by Kurtis Foster.
17:35 of 1st period - Stopped by Kari Lehtonen with a rebound.
17:36 of 1st period - Shot by Kurtis Foster.
17:36 of 1st period - Stopped by Kari Lehtonen without a rebound.
17:37 of 1st period - Cory Stillman wins face-off versus Jozef Stumpel in Thrashers zone.
18:08 of 1st period - Shot by Erik Cole.
18:08 of 1st period - Shot Misses the Net.
18:08 of 1st period - Major Penalty to Ilya Kovalchuk for Checking from behind.
18:09 of 1st period - Jeff Halpern wins face-off versus Bobby Holik in Thrashers zone.
19:40 of 1st period - Shot by Brad Isbister.
19:40 of 1st period - Shot Misses the Net.
19:43 of 1st period - Shot by Justin Williams.
19:43 of 1st period - Shot Misses the Net.
19:46 of 1st period - Shot by Justin Williams.
19:46 of 1st period - Shot Misses the Net.

Period #2

0:01 of 2nd period - Bobby Holik wins face-off versus Eric Staal in neutral zone.
0:18 of 2nd period - Shot by Eric Staal.
0:18 of 2nd period - Shot Blocked by Bobby Holik.
0:19 of 2nd period - Shot by Bret Hedican.
0:19 of 2nd period - Shot Misses the Net.
0:20 of 2nd period - Shot by Bret Hedican.
0:20 of 2nd period - Shot Misses the Net.
0:25 of 2nd period - Shot by Eric Staal.
0:25 of 2nd period - Shot Misses the Net.
0:28 of 2nd period - Shot by Eric Staal.
0:28 of 2nd period - Shot Misses the Net.
0:31 of 2nd period - Shot by Erik Cole.
0:31 of 2nd period - Shot Misses the Net.
0:32 of 2nd period - Shot by Cory Stillman.
0:32 of 2nd period - Shot Misses the Net.
0:37 of 2nd period - Shot by Eric Staal.
0:37 of 2nd period - Stopped by Kari Lehtonen without a rebound.
0:38 of 2nd period - Jozef Stumpel wins face-off versus Jeff Halpern in Thrashers zone.
1:10 of 2nd period - Icing by Bret Hedican.
1:11 of 2nd period - Jeff Halpern wins face-off versus Bobby Holik in Hurricanes zone.
1:11 of 2nd period - Bret Hedican is hit by Philippe Boucher and loses puck.
2:13 of 2nd period - Shot by Brent Sopel.
2:13 of 2nd period - Shot Misses the Net.
2:18 of 2nd period - Shot by Jeff Halpern.
2:18 of 2nd period - Stopped by Kari Lehtonen without a rebound.
2:19 of 2nd period - Eric Staal wins face-off versus Bobby Holik in Thrashers zone.
4:24 of 2nd period - Shot by Jeff Halpern.
4:24 of 2nd period - Shot Blocked by Niclas Havelid.
5:01 of 2nd period - Shot by Eric Belanger.
5:01 of 2nd period - Shot Blocked by Mike Van Ryn.
5:04 of 2nd period - Shot by Kurtis Foster.
5:04 of 2nd period - Shot Misses the Net.
5:36 of 2nd period - Icing by Eric Belanger.
5:37 of 2nd period - Eric Staal wins face-off versus Robert Lang in Hurricanes zone.
6:02 of 2nd period - Shot by Justin Williams.
6:02 of 2nd period - Stopped by Kari Lehtonen without a rebound.
6:03 of 2nd period - Kevyn Adams wins face-off versus Bobby Holik in Thrashers zone.
7:07 of 2nd period - Icing by David Tanabe.
7:08 of 2nd period - Jeff Halpern wins face-off versus Brendan Morrison in Hurricanes zone.
7:21 of 2nd period - Shot by Martin Havlat.
7:21 of 2nd period - Stopped by Kari Lehtonen without a rebound.
7:22 of 2nd period - Jeff Halpern wins face-off versus Robert Lang in Thrashers zone.
7:22 of 2nd period - Minor Penalty to Ladislav Nagy for Boarding.
7:23 of 2nd period - Bobby Holik wins face-off versus Eric Staal in Thrashers zone.
9:33 of 2nd period - Icing by Philippe Boucher.
9:34 of 2nd period - Robert Lang wins face-off versus Kevyn Adams in Thrashers zone.
10:02 of 2nd period - Minor Penalty to Brendan Morrison for High sticking.
10:03 of 2nd period - Jozef Stumpel wins face-off versus Jeff Halpern in Hurricanes zone.
10:08 of 2nd period - Shot by Anson Carter.
10:08 of 2nd period - Stopped by Evgeni Nabokov without a rebound.
10:09 of 2nd period - Bobby Holik wins face-off versus Jeff Halpern in Hurricanes zone.
10:38 of 2nd period - Shot by Martin Havlat.
10:38 of 2nd period - Shot Misses the Net.
11:01 of 2nd period - Shot by Erik Cole.
11:01 of 2nd period - Goal by Erik Cole - Hurricanes : 4 - Thrashers : 0.
11:02 of 2nd period - Kevyn Adams wins face-off versus Brendan Morrison in neutral zone.
11:08 of 2nd period - Off-side.
11:09 of 2nd period - Jozef Stumpel wins face-off versus Kevyn Adams in neutral zone.
11:13 of 2nd period - Minor Penalty to Mike Van Ryn for Holding.
11:14 of 2nd period - Jozef Stumpel wins face-off versus Cory Stillman in Hurricanes zone.
11:27 of 2nd period - Shot by Erik Cole.
11:27 of 2nd period - Shot Misses the Net.
11:28 of 2nd period - Shot by Bret Hedican.
11:28 of 2nd period - Shot Misses the Net.
11:31 of 2nd period - Shot by Eric Staal.
11:31 of 2nd period - Shot Misses the Net.
11:34 of 2nd period - Shot by Eric Staal.
11:34 of 2nd period - Shot Misses the Net.
11:37 of 2nd period - Shot by Eric Staal.
11:37 of 2nd period - Stopped by Kari Lehtonen without a rebound.
11:38 of 2nd period - Jozef Stumpel wins face-off versus Martin Havlat in Thrashers zone.
13:03 of 2nd period - Shot by Jeff Halpern.
13:03 of 2nd period - Shot Misses the Net.
13:06 of 2nd period - Shot by Martin Havlat.
13:06 of 2nd period - Stopped by Kari Lehtonen without a rebound.
13:07 of 2nd period - Jozef Stumpel wins face-off versus Eric Staal in Thrashers zone.
13:13 of 2nd period - Icing by Cory Stillman.
13:14 of 2nd period - Brendan Morrison wins face-off versus Kevyn Adams in Hurricanes zone.
13:15 of 2nd period - Shot by Ilya Kovalchuk.
13:15 of 2nd period - Shot Misses the Net.
13:18 of 2nd period - Shot by Brendan Morrison.
13:18 of 2nd period - Stopped by Evgeni Nabokov without a rebound.
13:19 of 2nd period - Ilya Kovalchuk wins face-off versus Kevyn Adams in Hurricanes zone.
13:36 of 2nd period - Shot by Ilya Kovalchuk.
13:36 of 2nd period - Stopped by Evgeni Nabokov without a rebound.
13:37 of 2nd period - Robert Lang wins face-off versus Eric Belanger in Hurricanes zone.
14:05 of 2nd period - Major Penalty to Kurtis Foster for Kneeing.
14:06 of 2nd period - Brendan Morrison wins face-off versus Eric Staal in Hurricanes zone.
14:11 of 2nd period - Shot by Ilya Kovalchuk.
14:11 of 2nd period - Stopped by Evgeni Nabokov with a rebound.
14:16 of 2nd period - Shot by Ilya Kovalchuk.
14:16 of 2nd period - Stopped by Evgeni Nabokov without a rebound.
14:17 of 2nd period - Robert Lang wins face-off versus Eric Staal in Hurricanes zone.
15:46 of 2nd period - Shot by Ilya Kovalchuk.
15:46 of 2nd period - Shot Blocked by Frantisek Kaberle.
15:49 of 2nd period - Shot by Ilya Kovalchuk.
15:49 of 2nd period - Shot Blocked by Glen Wesley.
16:45 of 2nd period - Icing by Andy Sutton.
16:46 of 2nd period - Eric Staal wins face-off versus Brendan Morrison in Thrashers zone.
17:53 of 2nd period - Shot by Marian Hossa.
17:53 of 2nd period - Stopped by Evgeni Nabokov without a rebound.
17:54 of 2nd period - Brendan Morrison wins face-off versus Justin Williams in Hurricanes zone.
18:11 of 2nd period - Shot by Ales Kotalik.
18:11 of 2nd period - Stopped by Evgeni Nabokov with a rebound.
18:16 of 2nd period - Shot by Brendan Morrison.
18:16 of 2nd period - Stopped by Evgeni Nabokov without a rebound.
18:17 of 2nd period - Erik Cole wins face-off versus Robert Lang in Hurricanes zone.
18:36 of 2nd period - Shot by Marian Hossa.
18:36 of 2nd period - Shot Blocked by Frantisek Kaberle.
18:37 of 2nd period - Shot by Marian Hossa.
18:37 of 2nd period - Goal by Marian Hossa - Hurricanes : 4 - Thrashers : 1.
18:38 of 2nd period - Brendan Morrison wins face-off versus Erik Cole in neutral zone.
18:45 of 2nd period - Shot by Ilya Kovalchuk.
18:45 of 2nd period - Shot Misses the Net.
19:50 of 2nd period - Shot by Robert Lang.
19:50 of 2nd period - Stopped by Evgeni Nabokov with a rebound.
19:51 of 2nd period - Shot by Philippe Boucher.
19:51 of 2nd period - Shot Misses the Net.
19:54 of 2nd period - Shot by Robert Lang.
19:54 of 2nd period - Stopped by Evgeni Nabokov without a rebound.
19:55 of 2nd period - Bobby Holik wins face-off versus Jeff Halpern in Hurricanes zone.

Period #3

0:01 of 3rd period - Robert Lang wins face-off versus Eric Staal in neutral zone.
0:32 of 3rd period - Shot by Eric Staal.
0:32 of 3rd period - Shot Misses the Net.
0:35 of 3rd period - Shot by Eric Staal.
0:35 of 3rd period - Stopped by Kari Lehtonen without a rebound.
0:36 of 3rd period - Jeff Halpern wins face-off versus Brendan Morrison in Thrashers zone.
0:56 of 3rd period - Ilya Kovalchuk is hit by Jeff Halpern and loses puck.
0:58 of 3rd period - Shot by Brendan Morrison.
0:58 of 3rd period - Shot Blocked by Glen Wesley.
0:59 of 3rd period - Shot by Greg de Vries.
0:59 of 3rd period - Goal by Greg de Vries - Hurricanes : 4 - Thrashers : 2.
1:00 of 3rd period - Jozef Stumpel wins face-off versus Scott Walker in neutral zone.
1:19 of 3rd period - Shot by Ales Kotalik.
1:19 of 3rd period - Shot Misses the Net.
1:20 of 3rd period - Shot by Alexander Frolov.
1:20 of 3rd period - Stopped by Evgeni Nabokov without a rebound.
1:21 of 3rd period - Bobby Holik wins face-off versus Jeff Halpern in Hurricanes zone.
1:56 of 3rd period - Shot by Justin Williams.
1:56 of 3rd period - Stopped by Kari Lehtonen without a rebound.
1:57 of 3rd period - Robert Lang wins face-off versus Eric Staal in Thrashers zone.
2:07 of 3rd period - Eric Staal is hit by Ladislav Nagy and loses puck.
2:13 of 3rd period - Shot by Cory Stillman.
2:13 of 3rd period - Shot Misses the Net.
2:16 of 3rd period - Shot by Erik Cole.
2:16 of 3rd period - Shot Misses the Net.
2:19 of 3rd period - Shot by Erik Cole.
2:19 of 3rd period - Stopped by Kari Lehtonen with a rebound.
2:20 of 3rd period - Shot by Frantisek Kaberle.
2:20 of 3rd period - Shot Misses the Net.
2:21 of 3rd period - Shot by Frantisek Kaberle.
2:21 of 3rd period - Shot Misses the Net.
2:24 of 3rd period - Shot by Erik Cole.
2:24 of 3rd period - Shot Misses the Net.
2:29 of 3rd period - Shot by Erik Cole.
2:29 of 3rd period - Stopped by Kari Lehtonen without a rebound.
2:30 of 3rd period - Eric Belanger wins face-off versus Jozef Stumpel in Thrashers zone.
3:16 of 3rd period - Icing by Jozef Stumpel.
3:17 of 3rd period - Jeff Halpern wins face-off versus Jozef Stumpel in Thrashers zone.
3:23 of 3rd period - Icing by Mike Van Ryn.
3:24 of 3rd period - Jeff Halpern wins face-off versus Jozef Stumpel in Thrashers zone.
4:04 of 3rd period - Off-side.
4:05 of 3rd period - Brendan Morrison wins face-off versus Eric Staal in neutral zone.
4:12 of 3rd period - Shot by Eric Staal.
4:12 of 3rd period - Stopped by Kari Lehtonen without a rebound.
4:13 of 3rd period - Brad Isbister wins face-off versus Robert Lang in Thrashers zone.
4:28 of 3rd period - Shot by Fredrik Sjostrom.
4:28 of 3rd period - Stopped by Kari Lehtonen without a rebound.
4:29 of 3rd period - Eric Belanger wins face-off versus Anson Carter in Thrashers zone.
4:57 of 3rd period - Icing by Brian Leetch.
4:58 of 3rd period - Brendan Morrison wins face-off versus Eric Staal in Thrashers zone.
5:15 of 3rd period - Shot by Eric Staal.
5:15 of 3rd period - Stopped by Kari Lehtonen without a rebound.
5:16 of 3rd period - Robert Lang wins face-off versus Jeff Halpern in Thrashers zone.
5:22 of 3rd period - Martin Havlat is hit by Philippe Boucher and loses puck.
5:23 of 3rd period - Minor Penalty to Brett Clark for Slashing.
5:24 of 3rd period - Eric Staal wins face-off versus Scott Mellanby in Thrashers zone.
5:29 of 3rd period - Shot by Erik Cole.
5:29 of 3rd period - Shot Blocked by Greg de Vries.
5:32 of 3rd period - Shot by Eric Staal.
5:32 of 3rd period - Shot Misses the Net.
6:01 of 3rd period - Shot by Eric Staal.
6:01 of 3rd period - Stopped by Kari Lehtonen without a rebound.
6:02 of 3rd period - Jeff Halpern wins face-off versus Bobby Holik in Thrashers zone.
6:05 of 3rd period - Shot by Scott Walker.
6:05 of 3rd period - Shot Misses the Net.
7:13 of 3rd period - Icing by Eric Staal.
7:14 of 3rd period - Eric Staal wins face-off versus Bobby Holik in Hurricanes zone.
7:24 of 3rd period - Scott Mellanby is hit by Brent Sopel and loses puck.
7:39 of 3rd period - Minor Penalty to Brent Sopel for Holding.
7:40 of 3rd period - Brendan Morrison wins face-off versus Erik Cole in Thrashers zone.
7:51 of 3rd period - Shot by Brendan Morrison.
7:51 of 3rd period - Shot Misses the Net.
7:54 of 3rd period - Shot by Ilya Kovalchuk.
7:54 of 3rd period - Shot Misses the Net.
7:55 of 3rd period - Shot by Brian Leetch.
7:55 of 3rd period - Stopped by Evgeni Nabokov with a rebound.
7:58 of 3rd period - Shot by Ales Kotalik.
7:58 of 3rd period - Shot Misses the Net.
8:01 of 3rd period - Shot by Ilya Kovalchuk.
8:01 of 3rd period - Stopped by Evgeni Nabokov with a rebound.
8:04 of 3rd period - Shot by Ales Kotalik.
8:04 of 3rd period - Stopped by Evgeni Nabokov without a rebound.
8:05 of 3rd period - Eric Staal wins face-off versus Robert Lang in Hurricanes zone.
8:31 of 3rd period - Icing by Niclas Havelid.
8:32 of 3rd period - Justin Williams wins face-off versus Robert Lang in Thrashers zone.
9:52 of 3rd period - Icing by Frantisek Kaberle.
9:53 of 3rd period - Ales Kotalik wins face-off versus Kevyn Adams in Hurricanes zone.
10:27 of 3rd period - Icing by Niclas Havelid.
10:28 of 3rd period - Jeff Halpern wins face-off versus Jozef Stumpel in Thrashers zone.
10:38 of 3rd period - Jozef Stumpel is hit by Jeff Halpern and loses puck.
11:15 of 3rd period - Icing by Brian Leetch.
11:16 of 3rd period - Bobby Holik wins face-off versus Eric Belanger in Thrashers zone.
11:33 of 3rd period - Shot by Bobby Holik.
11:33 of 3rd period - Shot Misses the Net.
11:38 of 3rd period - Shot by Ilya Kovalchuk.
11:38 of 3rd period - Shot Misses the Net.
11:41 of 3rd period - Shot by Ilya Kovalchuk.
11:41 of 3rd period - Shot Misses the Net.
11:48 of 3rd period - Shot by Ilya Kovalchuk.
11:48 of 3rd period - Shot Misses the Net.
12:05 of 3rd period - Shot by Robert Lang.
12:05 of 3rd period - Stopped by Evgeni Nabokov with a rebound.
12:13 of 3rd period - Icing by Philippe Boucher.
12:14 of 3rd period - Kevyn Adams wins face-off versus Robert Lang in Thrashers zone.
12:21 of 3rd period - Shot by Fredrik Sjostrom.
12:21 of 3rd period - Stopped by Kari Lehtonen without a rebound.
12:22 of 3rd period - Jeff Halpern wins face-off versus Brendan Morrison in Thrashers zone.
12:51 of 3rd period - Shot by Brendan Morrison.
12:51 of 3rd period - Stopped by Evgeni Nabokov with a rebound.
12:54 of 3rd period - Shot by Anson Carter.
12:54 of 3rd period - Shot Blocked by David Tanabe.
13:18 of 3rd period - Icing by Brent Sopel.
13:19 of 3rd period - Eric Staal wins face-off versus Jozef Stumpel in Hurricanes zone.
13:28 of 3rd period - Shot by Eric Staal.
13:28 of 3rd period - Shot Blocked by Mike Van Ryn.
13:29 of 3rd period - Shot by Cory Stillman.
13:29 of 3rd period - Shot Blocked by Niclas Havelid.
13:30 of 3rd period - Shot by Erik Cole.
13:30 of 3rd period - Stopped by Kari Lehtonen without a rebound.
13:31 of 3rd period - Robert Lang wins face-off versus Kevyn Adams in Thrashers zone.
13:38 of 3rd period - Shot by Robert Lang.
13:38 of 3rd period - Shot Blocked by Brent Sopel.
15:47 of 3rd period - Shot by Brendan Morrison.
15:47 of 3rd period - Shot Misses the Net.
17:07 of 3rd period - Ilya Kovalchuk is hit by Fredrik Sjostrom and loses puck.
18:38 of 3rd period - Jozef Stumpel is hit by Bret Hedican and loses puck.
19:27 of 3rd period - Justin Williams is hit by Anson Carter and loses puck.
19:48 of 3rd period - Icing by Greg de Vries.
19:49 of 3rd period - Brendan Morrison wins face-off versus Eric Belanger in Thrashers zone.
19:56 of 3rd period - Shot by Anson Carter.
19:56 of 3rd period - Shot Blocked by Ray Whitney.


Output by the SimonT Hockey Simulator (STHS) for Stephane Roy -- Original Page W3C XHTML 1.0 Valid